 Dungeon Crawl Stone Soup version 0.27.1-34-g3ba077fa99 (webtiles) character file.

Game seed: 7067947846169725840

210 mcbry74 the Poker (level 5, -4/38 HPs)
             Began as a Merfolk Gladiator on Jan 22, 2022.
             Was an Initiate of Okawaru.
             Slain by an ogre (27 damage)
             ... on level 5 of the Dungeon.
             The game lasted 00:14:21 (3741 turns).

mcbry74 the Poker (Merfolk Gladiator)               Turns: 3741, Time: 00:14:21

Health: -4/38      AC:  4    Str: 14    XL:     5   Next: 88%
Magic:  5/5        EV: 13    Int:  9    God:    Okawaru [......]
Gold:   169        SH:  0    Dex: 15    Spells: 3/4 levels left

rFire    . . .     SeeInvis .   a - +0 trident
rCold    . . .     Faith    .   (no shield)
rNeg     . . .     Spirit   .   b - +0 leather armour
rPois    .         Reflect  .   c - +0 helmet
rElec    .         Harm     .   (no cloak)
rCorr    .         Rampage  .   (no gloves)
Will     .....                  (no boots)
Stlth    +.........             (no amulet)
HPRegen  0.12/turn              (no ring)
MPRegen  0.09/turn              (no ring)

@: no status effects
A: (nimble swimmer 2), mertail
a: Renounce Religion


You were on level 5 of the Dungeon.
You worshipped Okawaru.
Okawaru was noncommittal.
You visited 1 branch of the dungeon, and saw 5 of its levels.

You collected 169 gold pieces.

Inventory:

Hand Weapons
 a - a +0 trident (weapon)
 r - a +0 trident
Missiles
 d - 3 throwing nets
 f - 218 stones
 g - 4 boomerangs (quivered)
 p - 8 javelins
Armour
 b - a +0 leather armour (worn)
 c - a +0 helmet (worn)
 k - a +0 pair of gloves
Scrolls
 h - a scroll of amnesia {unknown}
 i - 2 scrolls of teleportation {unknown}
 o - a scroll of immolation {unknown}
 s - a scroll of enchant weapon {unknown}
 t - 3 scrolls of identify {unknown}
Potions
 e - 2 potions of cancellation {unknown}
 j - 2 potions of degeneration {unknown}
 l - a potion of resistance {unknown}
 m - 2 potions of haste {unknown}
 n - a potion of brilliance {unknown}
 q - a potion of invisibility {unknown}
 u - a potion of curing {unknown}


   Skills:
 - Level 2.1 Fighting
 + Level 7.2 Polearms
 + Level 4.3 Throwing
 - Level 4.0 Dodging


You had 3 spell levels left.
You knew the following spells:

 Your Spells              Type           Power      Damage    Failure   Level
a - Corona                Hex            0%         N/A       45%         1

Your spell library contained the following spells:

 Spells                   Type           Power      Damage    Failure   Level
 Apportation              Tloc           0%         N/A       45%         1
 Beastly Appendage        Tmut           0%         N/A       45%         1
 Freeze                   Ice            0%         1d3       45%         1
 Corpse Rot               Necr/Air       N/A        N/A       61%         2
 Ensorcelled Hibernation  Hex/Ice        0%         N/A       61%         2
 Wereblood                Tmut           0%         N/A       61%         2
 Frozen Ramparts          Ice            0%         1d2       83%         3
 Spider Form              Tmut/Pois      0%         N/A       83%         3
 Tukima's Dance           Hex            0%         N/A       83%         3
 Dispel Undead            Necr           0%         3d6       99%         4
 Hailstorm                Conj/Ice       0%         3d3       99%         4
 Alistair's Intoxication  Tmut/Pois      0%         N/A       100%        5
 Death Channel            Necr           0%         N/A       100%        6
 Invisibility             Hex            0%         N/A       100%        6


Dungeon Overview and Level Annotations

Branches:
Dungeon (5/15)             Temple (0/1) D:4

Altars:
Dithmenos
Okawaru
Uskayaw
Yredelemnul
The Shining One


Innate Abilities, Weirdness & Mutations

((You are quick and stealthy near water. (Stealth+, EV+, Speed+++)))
Your lower body shifts to a powerful aquatic tail in water.


Message History

Press: ? - help, Q - select action, (/) - cycle Shift-Dir - straight line, f - ogre
Aim: an ogre, wielding a +0 giant club (76% to hit)
You throw a boomerang.
The boomerang hits the ogre but does no damage.
Throw: 5 boomerangs
Press: ? - help, Q - select action, (/) - cycle Shift-Dir - straight line, f/p - ogre
Aim: an ogre, wielding a +0 giant club (76% to hit)
You throw a boomerang.
The boomerang completely misses the ogre.
Throw: 5 boomerangs
Press: ? - help, Q - select action, (/) - cycle Shift-Dir - straight line, f/p - ogre
Aim: an ogre, wielding a +0 giant club (76% to hit)
You throw a boomerang.
The boomerang hits the ogre but does no damage.
Throw: 5 boomerangs
Press: ? - help, Q - select action, (/) - cycle Shift-Dir - straight line, f/p - ogre
Aim: an ogre, wielding a +0 giant club (76% to hit)
You throw a boomerang. The boomerang hits the ogre!
The ogre is moderately wounded.
You puncture the ogre!
The ogre is severely wounded.
The ogre misses you.
You hit the ogre.
The ogre is severely wounded.
You hit the ogre.
The ogre is almost dead.
The ogre closely misses you.
You hit the ogre.
The ogre is almost dead.
The ogre hits you with a +0 giant club!
You barely miss the ogre.
The ogre is almost dead.
You hit the ogre but do no damage.
The ogre is almost dead.
The ogre barely misses you.
You closely miss the ogre.
The ogre is almost dead.
The ogre hits you with a +0 giant club!!
Ouch! That really hurt!
You die...

#.......... #
##........... ..
#............ #.
##............ ##
#######.............
#####...................
...........##...........
..........###.........#
..........# #...@O..###
########..# ##....###
####.###.## #.....# ..
#........# #.....# ..
.........# #.....# ..
........## ##.>..## ..
........# #.....# ..
...###..# #.....# ..
#.......## #.....### ..


You could see an ogre.

Vanquished Creatures
  A hound (D:5)
  A centaur skeleton (D:4)
  An orc wizard (D:4)
  A howler monkey skeleton (D:4)
  4 adders
  3 worms (D:3)
  5 dart slugs
  6 orcs
  3 bats
  5 endoplasms
  2 giant cockroaches
  7 goblins
  5 hobgoblins
  A quokka (D:2)
  3 ball pythons
  3 frilled lizards (D:1)
  6 kobolds
  4 rats
61 creatures vanquished.

Notes
Turn   | Place    | Note
-------+----------+-------------------------------------------
     0 | D:1      | mcbry74 the Merfolk Gladiator began the quest for the Orb.
     0 | D:1      | Reached XP level 1. HP: 16/16 MP: 1/1
   302 | D:1      | Reached XP level 2. HP: 22/22 MP: 2/2
   632 | D:2      | Reached skill level 5 in Polearms
   644 | D:2      | Found a faded altar of an unknown god.
   684 | D:2      | Learned a level 1 spell: Corona
   763 | D:2      | Reached XP level 3. HP: 27/27 MP: 3/3
  1282 | D:3      | Reached XP level 4. HP: 33/33 MP: 4/4
  1304 | D:3      | Reached skill level 6 in Polearms
  1331 | D:3      | Found a hide-covered altar of Uskayaw.
  1577 | D:3      | Found an iron altar of Okawaru.
  1581 | D:3      | Became a worshipper of Warmaster Okawaru
  1827 | D:4      | Found a staircase to the Ecumenical Temple.
  2063 | D:4      | Found a shadowy altar of Dithmenos.
  2200 | D:4      | Found a glowing golden altar of the Shining One.
  2205 | D:4      | Found a basalt altar of Yredelemnul.
  2207 | D:4      | Noticed a profane servitor
  2370 | D:4      | Reached XP level 5. HP: 38/38 MP: 5/5
  2838 | D:4      | Noticed an angel
  2857 | D:5      | Entered Level 5 of the Dungeon
  3358 | D:4      | Reached skill level 7 in Polearms
  3730 | D:5      | Noticed an ogre
  3741 | D:5      | Slain by an ogre

Illustrated notes

Levels and vault maps discovered:
D:1:      dpeg_arrival_refuge, layout_basic
D:2:      layout_rooms, ebering_ecumenical_altar_ruins
D:3:      layout_loops_ring, nicolae_uskayaw_dance_hall, okawaru_gym_becter,
          minmay_diced_spiral
D:4:      layout_basic, kennysheep_mini_moat, grunt_temple_overflow_holy_war,
          minmay_temple_entry_sparse_star
D:5:      layout_cave_pods

Skill      XL: |  1  2  3  4  5 |
---------------+----------------+-----
Polearms       | 5 6 7 |  7.2
Throwing       | 3 4 |  4.3
Fighting       | |  2.1
Dodging        | |  4.0

Action                   |  1- 3 |  4- 6 || total
-------------------------+-------+-------++-------
Melee: Trident           |    48 |   131 ||   179
Throw: Stone             |    68 |       ||    68
       Boomerang         |    15 |    57 ||    72
Armor: Leather armour    |     8 |    38 ||    46
Dodge: Dodged            |    17 |    70 ||    87
